 Dungeon Crawl Stone Soup version 0.24-a0-524-gf43b32f898 (webtiles) character file.

Game seed: 15434077607613941098

296 Peloso the Slasher (level 6, -1/53 HPs)
             Began as a Minotaur Fighter on July 31, 2019.
             Succumbed to Eustachio's poison
             ... on level 3 of the Dungeon.
             The game lasted 00:03:44 (2818 turns).

Peloso the Slasher (Minotaur Fighter)               Turns: 2818, Time: 00:03:44

Health: -1/53      AC:  9    Str: 21    XL:     6   Next: 12%
Magic:  5/5        EV:  6    Int:  5    God:
Gold:   176        SH: 10    Dex: 11    Spells: 5/5 levels left

rFire    . . .     SeeInvis .   a - +0 long sword
rCold    . . .     Gourm    .   c - +0 shield
rNeg     . . .     Faith    .   q - +0 chain mail
rPois    .         Spirit   .   (helmet restricted)
rElec    .         Reflect  .   (no cloak)
rCorr    .         Harm     .   (no gloves)
MR       .....                  (no boots)
Stlth    ..........             (no amulet)
HPRegen  0.17/turn              (no ring)
MPRegen  0.09/turn              (no ring)

@: lethally poisoned (-1 -> -28)
A: retaliatory headbutt, horns 2
a: no special abilities


You were on level 3 of the Dungeon.
You were very hungry.

You visited 1 branch of the dungeon, and saw 4 of its levels.

You collected 176 gold pieces.

Inventory:

Hand Weapons
 a - a +0 long sword (weapon)
Armour
 b - a +0 scale mail
 c - a +0 shield (worn)
 q - a +0 chain mail (worn)
Wands
 p - a wand of digging (4)
Scrolls
 e - 2 scrolls of identify {unknown}
 g - a scroll of random uselessness {unknown}
 i - a scroll of fog {unknown}
 j - a scroll of enchant armour {unknown}
 l - a scroll of noise {unknown}
 m - a scroll of teleportation {unknown}
 n - 3 scrolls of amnesia {unknown}
 o - 2 scrolls of remove curse {unknown}
 r - a scroll of enchant weapon {unknown}
Potions
 d - a potion of might
 s - a potion of brilliance {unknown}
 u - a potion of magic {unknown}
Comestibles
 f - 8 rations


   Skills:
 + Level 4.7 Fighting
 + Level 5.3 Long Blades
 + Level 4.8 Armour
 + Level 1.1 Dodging
 + Level 0.1 Stealth
 + Level 4.8 Shields


You had 5 spell levels left.
You didn't know any spells.
Your spell library was empty.

Dungeon Overview and Level Annotations

Branches:
Dungeon (4/15)
 Temple: D:4-7

Altars:

Annotations:
D:3 Eustachio


Innate Abilities, Weirdness & Mutations

You reflexively headbutt those who attack you in melee.
You have a pair of horns on your head.


Message History

You hit Eustachio.
Eustachio is severely wounded.
* * * LOW HITPOINT WARNING * * *
You feel very sick. The iron imp completely misses you.
Eustachio screams, "At last I'll have my revenge!"
Eustachio gestures wildly while chanting.
Eustachio blinks!
You barely miss the rat.
* * * LOW HITPOINT WARNING * * *
You feel very sick. The iron imp closely misses you.
You closely miss the river rat.
* * * LOW HITPOINT WARNING * * *
You feel very sick. The iron imp hits you.
* * * LOW HITPOINT WARNING * * *
You hit the river rat.
The river rat is heavily wounded.
You die...

#.######### #.........#
## #.#######.# #. #.#
#.# #. #.# #.# #. #.#
#.###. #.# #.#...
#######.#######.#.##
#rr@5...............
#.#############.#..#
#####'######## #.#...
#............######.##.#
#............#......##..
#............#......##..
#............#......##.#
#............#......##..
#............#......####


You could see an iron imp, a river rat and a rat.

Vanquished Creatures
  A hound (D:3)
  A centaur skeleton (D:4)
  An orc priest (D:4)
  Ijyb (D:3)
  7 adders
  An ooze (D:1)
  6 worms
  5 dart slugs
  2 leopard geckos (D:2)
  7 orcs
  2 giant cockroaches (D:3)
  12 goblins
  9 hobgoblins
  2 jackals (D:1)
  8 kobolds
  A ball python (D:3)
  5 bats
  4 frilled lizards
  4 rats
79 creatures vanquished.

Notes
Turn   | Place    | Note
-------+----------+-------------------------------------------
     0 | D:1      | Peloso the Minotaur Fighter began the quest for the Orb.
     0 | D:1      | Reached XP level 1. HP: 19/19 MP: 0/0
    86 | D:1      | Reached XP level 2. HP: 23/27 MP: 1/1
   101 | D:1      | Reached skill level 3 in Long Blades
   242 | D:1      | You fall into a shaft and drop 1 floor!
   283 | D:2      | Reached XP level 3. HP: 33/33 MP: 2/2
   578 | D:2      | Reached skill level 4 in Long Blades
   578 | D:2      | Reached XP level 4. HP: 32/40 MP: 3/3
   901 | D:2      | Reached skill level 1 in Dodging
  1523 | D:3      | Noticed Ijyb
  1554 | D:3      | Killed Ijyb
  1554 | D:3      | Reached XP level 5. HP: 37/46 MP: 4/4
  1635 | D:3      | Found a faded altar of an unknown god.
  2324 | D:4      | Noticed Eustachio
  2349 | D:3      | Reached skill level 5 in Long Blades
  2796 | D:4      | Reached XP level 6. HP: 53/53 MP: 5/5
  2817 | D:3      | HP: 2/53 [iron imp[Eustachio] (2)]
  2818 | D:3      | Succumbed to Eustachio's poison

Levels and vault maps discovered:
D:1:      dpeg_arrival_tiny_a, layout_loops_corners, minmay_hexomino_c4
D:2:      layout_loops_ring, serial_forest, infiniplex_forest_lined_room_2,
          infiniplex_forest_lined_ring, infiniplex_forest_straight_4,
          infiniplex_forest_end_1, infiniplex_forest_straight_3
D:3:      layout_basic, chequers_ecumenical_altar_grove, uniq_ijyb
D:4:      layout_rooms, first_ration, serial_forest,
          infiniplex_forest_lined_room_3, infiniplex_forest_straight_2,
          infiniplex_forest_lined_room_2, infiniplex_forest_clump_tiny,
          infiniplex_forest_straight_3, infiniplex_forest_clump_diagonal,
          infiniplex_forest_clump_diagonal, kennysheep_generic_room_14,
          uniq_robin, uniq_eustachio

Skill      XL: |  1  2  3  4  5 |
---------------+----------------+-----
Long Blades    | 3 4 5 |  5.3
Armour         | 4 |  4.8
Fighting       | 4 |  4.7
Shields        | 4 |  4.8
Dodging        | 1 |  1.1
Stealth        | |  0.1

Action                   |  1- 3 |  4- 6 || total
-------------------------+-------+-------++-------
Melee: Long sword        |    90 |   152 ||   242
       Headbutt          |    13 |    26 ||    39
  Use: Potion            |       |     2 ||     2
  Eat: Chunk             |       |     5 ||     5
Armor: Scale mail        |    39 |    61 ||   100
       Chain mail        |       |    33 ||    33
Dodge: Dodged            |    28 |    46 ||    74
Block: Shield            |    47 |    89 ||   136
       Rpst.: Long sword |     7 |     8 ||    15

Table legend:
 A = Non-vault XP
 B = Vault XP
 C = Vault XP percentage of total XP
 D = Non-vault monster count
 E = Vault monster count
 F = Vault count percentage of total count
                 A         B        C        D         E       F
            +---------+---------+-------+---------+---------+-------
      Total |     379 |      45 |  10.6 |      74 |       5 |   6.3
            +---------+---------+-------+---------+---------+-------
        D:1 |      35 |       9 |  20.5 |      17 |       4 |  19.0
        D:2 |     131 |       0 |   0.0 |      29 |       0 |   0.0
        D:3 |     122 |      36 |  22.8 |      24 |       1 |   4.0
        D:4 |      91 |       0 |   0.0 |       4 |       0 |   0.0
            +---------+---------+-------+---------+---------+-------
